[Event "Early-Titled-Tuesday-Blitz-January-23-2024"]
[Site "Chess.com"]
[Date "2024.01.23"]
[Round "9"]
[White "GaiozNigalidze"]
[Black "Zgorl"]
[Result "1-0"]
[WhiteElo "2705"]
[BlackElo "2529"]
[TimeControl "180+1"]
[EndTime "9:45:17 PST"]
[Termination "GaiozNigalidze won by resignation"]

1. d4 Nf6 2. c4 c5 3. d5 g6 4. Nc3 Bg7 5. e4 d6 6. Nf3 O-O 7. Bd3 e6 8. O-O exd5 9. exd5 Bg4 10. Bf4 Nh5 11. Bd2 Nd7 12. Be2 a6 13. h3 Bxf3 14. Bxf3 Nhf6 15. a4 Ne8 16. Qb3 Rb8 17. Rfe1 f5 18.
Re6 Ne5 19. Bd1 Nc7 20. f4 Nxe6 21. dxe6 Nc6 22. Nd5 Re8 23. Bc3 Rxe6 24. Bf3 Nd4 25. Bxd4 Bxd4+ 26. Kh2 b6 27. Rd1 Kh8 28. Qc2 b5 29.
axb5 axb5 30. cxb5 Rxb5 31. Qc4 Rxb2 32. Rxd4 Qh4 33.
Rd1 Qf2 34. Qc3+ Kg8 35. Ra1 Rb8 36. Nc7 Re7 37. Bd5+ 1-0

[Event "Early-Titled-Tuesday-Blitz-January-23-2024"]
[Site "Chess.com"]
[Date "2024.01.23"]
[Round "9"]
[White "C_K_G"]
[Black "dmosesov"]
[Result "0-1"]
[WhiteElo "2124"]
[BlackElo "2590"]
[TimeControl "180+1"]
[EndTime "9:45:17 PST"]
[Termination "dmosesov won on time"]

1. e4 Nf6 2. Nc3 d5 3. exd5 Nxd5 4. Nxd5 Qxd5 5. d4 Nc6 6. c3 e5 7. Nf3 exd4 8. Be3 Bg4 9. Be2 O-O-O 10. cxd4 Bb4+ 11. Kf1 Rhe8 12. a3 Ba5 13. Qa4 Bb6 14.
Rc1 Qa5 15. Qd1 Bxf3 16. Bxf3 Nxd4 17. b4 Qxa3 18. Bxd4 Rxd4 19. Qc2 Qxb4 20. g3 Rd2 21. Qf5+ Kb8 22. Kg2 Rxf2+ 23. Kh3 g6 24. Qd5 c6 25. Qd7 Rd8 26. Qxf7 Rf8 27. Qd7 R2xf3 28. Rhe1 a5 29. Re7 Bd8 30. Re8 Rxe8 31. Qxe8 Qd6 0-1

[Event "Early-Titled-Tuesday-Blitz-January-23-2024"]
[Site "Chess.com"]
[Date "2024.01.23"]
[Round "9"]
[White "karenzc"]
[Black "Jenia84"]
[Result "0-1"]
[WhiteElo "2188"]
[BlackElo "2312"]
[TimeControl "180+1"]
[EndTime "9:45:18 PST"]
[Termination "Jenia84 won by checkmate"]

1. e4 c5 2. Nc3 Nc6 3. f4 g6 4. Nf3 Bg7 5. d3 d6 6. Be3 Nf6 7. h3 O-O 8. Qe2 Nh5 9. Qf2 Nd4 10. g4 Ng3 11. Qxg3 Nxc2+ 12. Kd2 Nxa1 13. Be2 Nb3+ 14. axb3 Qb6 15. Bd1 Be6 16. f5 Bxb3 17. Bc2 Bxc2 18. Kxc2 a5 19. Bc1 a4 20. Nd5 Qb3+ 21. Kd2 Bxb2 22.
Nxe7+ Kh8 23. Nd5 c4 24. Qxd6 Qxd3+ 25. Ke1 Bc3+ 26. Kf2 Rfd8 27. Qe7 Rxd5 28. exd5 Qxd5 29.
Bh6 a3 30. Rb1 a2 31. Rxb7 a1=Q 32. fxg6 hxg6 33. Rd7 Be1+ 34. Kg2 Ra2+ 35. Kf1 Bh4+ 36. Ne1 Qh1# 0-1

[Event "Early-Titled-Tuesday-Blitz-January-23-2024"]
[Site "Chess.com"]
[Date "2024.01.23"]
[Round "9"]
[White "fks_stal_mielec"]
[Black "PattyCastillo"]
[Result "0-1"]
[WhiteElo "2207"]
[BlackElo "1967"]
[TimeControl "180+1"]
[EndTime "9:45:19 PST"]
[Termination "PattyCastillo won by checkmate"]

1. e4 c5 2. Nf3 d6 3. d4 cxd4 4.
Nxd4 Nf6 5. f3 a6 6. Be3 e5 7.
Nb3 Be6 8. Nc3 Be7 9. Be2 O-O 10. O-O b5 11. Nd5 Nxd5 12. exd5 Bf5 13. c4 bxc4 14.
Bxc4 Nd7 15. Qe2 Nb6 16. Bxb6 Qxb6+ 17. Kh1 Rfc8 18. Rac1 Bg5 19. Rcd1 a5 20. a4 Rab8 21.
Nd2 Qxb2 22. Ne4 Bxe4 23. Qxe4 Rb4 24. Qf5 Rbxc4 25. Qxg5 h6 26. Qe3 Rc2 27. Rg1 R8c3 28. Qa7 Rxf3 29. Qxa5 Rff2 30. Qd8+ Kh7 31. Rb1 Rxg2 32.
Rxg2 Qxb1+ 33. Rg1 Qb3 34. Qh4 Qf3+ 35. Rg2 Qxg2# 0-1

[Event "Early-Titled-Tuesday-Blitz-January-23-2024"]
[Site "Chess.com"]
[Date "2024.01.23"]
[Round "9"]
[White "Predo63"]
[Black "margarita_2703"]
[Result "0-1"]
[WhiteElo "2464"]
[BlackElo "2301"]
[TimeControl "180+1"]
[EndTime "9:45:20 PST"]
[Termination "margarita_2703 won by checkmate"]

1. d4 d5 2. Bf4 c5 3. c3 Nc6 4. e3 Nf6 5. Nd2 Bf5 6. Ngf3 e6 7. h3 Bd6 8. Bxd6 Qxd6 9. Bb5 h6 10. O-O O-O 11. a3 a6 12. Bxc6 bxc6 13. b4 c4 14.
Ne5 Nd7 15. Nxd7 Qxd7 16. Nf3 Bd3 17. Re1 f6 18. Nd2 a5 19. e4 Ra7 20. exd5 exd5 21. Qh5 Rfa8 22. Rac1 axb4 23. axb4 Ra2 24. Nf3 Qf7 25. Qg4 Re8 26. Qf4 Rxe1+ 27. Rxe1 Qd7 28. Nh2 Rc2 29. Rc1 Rxc1+ 30. Qxc1 Qe6 31. Ng4 h5 32. Ne3 g5 33. Qd1 h4 34. Qf3 Kg7 35. g4 Be4 36. Qe2 Qd6 37. Nf5+ Bxf5 38. gxf5 Qd7 39. Qg4 Qe8 40. Kf1 Kh6 41. f4 Qe3 42. fxg5+ fxg5 43. Qe2 Qxh3+ 44. Kg1 Qxf5 45. Qe7 Qg4+ 46. Kh1 Qh3+ 47. Kg1 Qg3+ 48. Kh1 h3 49. Qf8+ Kh5 50. Qf7+ Kg4 51. Qe6+ Kf3 52. Qf5+ Ke2 53. Qc2+ Kf3 54. Qd1+ Kf4 55.
Qd2+ Qe3 56. Qh2+ Ke4 57. Qe5+ Kd3 58. Qf6 Qe4+ 59. Kg1 Qg2# 0-1

[Event "Early-Titled-Tuesday-Blitz-January-23-2024"]
[Site "Chess.com"]
[Date "2024.01.23"]
[Round "9"]
[White "carloseduar100"]
[Black "JiiHart"]
[Result "1-0"]
[WhiteElo "2293"]
[BlackElo "2143"]
[TimeControl "180+1"]
[EndTime "9:45:20 PST"]
[Termination "carloseduar100 won by resignation"]

1. e4 c5 2. Nf3 Nc6 3. d3 e6 4. g3 d5 5. Bg2 dxe4 6. dxe4 Qxd1+ 7. Kxd1 Nf6 8. Nbd2 Be7 9. c3 O-O 10. Kc2 Rd8 11. Re1 Bd7 12. e5 Nd5 13. Nc4 Be8 14. h4 Rac8 15. Bg5 b5 16. Bxe7 Ncxe7 17. Nd6 Rb8 18.
Rad1 a5 19. b3 Bc6 20. Ng5 a4 21. Ngxf7 axb3+ 22. axb3 Rf8 23. f4 Rxf7 24. Nxf7 Kxf7 25. Ra1 Nf5 26. Ra7+ Kg6 27. Bxd5 Bxd5 28. Rg1 Rb7 29. h5+ Kxh5 30. g4+ Kh6 31. gxf5 Rxa7 32. fxe6 Re7 33. f5 Bxe6 34. fxe6 g5 35. Kd3 Rxe6 36. Ke4 Kg6 37. Kd5 Kf7 38. Rxg5 h6 39. Rh5 Kg6 40. Kxe6 Kxh5 41.
Kd6 Kg4 42. e6 h5 43. e7 h4 44. e8=Q h3 45. Kxc5 h2 46. Qe1 1-0

[Event "Early-Titled-Tuesday-Blitz-January-23-2024"]
[Site "Chess.com"]
[Date "2024.01.23"]
[Round "9"]
[White "diamonds13"]
[Black "mary-sanna"]
[Result "1-0"]
[WhiteElo "2338"]
[BlackElo "2207"]
[TimeControl "180+1"]
[EndTime "9:45:21 PST"]
[Termination "diamonds13 won on time"]

1. d4 Nf6 2. c4 e6 3. Nc3 d5 4. cxd5 exd5 5. Bg5 c6 6. e3 Be7 7. Bd3 O-O 8. Qc2 h6 9. Bh4 Nbd7 10. f3 Re8 11.
Nge2 Nh5 12. Bf2 Bg5 13. f4 Bh4 14. g3 Be7 15. O-O-O a5 16. Ng1 Nhf6 17. Nf3 b5 18. h3 Ba6 19. g4 b4 20. Na4 Bxd3 21. Qxd3 Ne4 22. Be1 c5 23. dxc5 Ndxc5 24. Nxc5 Bxc5 25. Ne5 Qb6 26. Kb1 Bxe3 27. Qxd5 Nf6 28. Qxf7+ Kh7 29.
g5 Rxe5 30. gxf6 Ra7 31. Rd7 Rxd7 32. Qxd7 Qxf6 33. fxe5 Qg6+ 34. Ka1 Qg2 35. Qd3+ Kh8 36. Qxe3 Qxh1 37. e6 Qd5 38. Qe2 Qc6 39. Bd2 Qh1+ 40. Be1 Qc6 41. Kb1 Kg8 42. e7 Qg6+ 43. Ka1 Qe8 44. Qe6+ Kh8 45. Qd6 Qh5 46. Qd8+ Kh7 47. e8=Q 1-0

[Event "Early-Titled-Tuesday-Blitz-January-23-2024"]
[Site "Chess.com"]
[Date "2024.01.23"]
[Round "9"]
[White "stepanosinovsky"]
[Black "AnaKuchava"]
[Result "1-0"]
[WhiteElo "2366"]
[BlackElo "2215"]
[TimeControl "180+1"]
[EndTime "9:45:21 PST"]
[Termination "stepanosinovsky won by resignation"]

1. e4 c5 2. Nf3 d6 3. d4 cxd4 4. Nxd4 Nf6 5. Nc3 Nc6 6. Be3 Ng4 7. Bb5 Nxe3 8. fxe3 Bd7 9. O-O e6 10. Qf3 Ne5 11. Qg3 a6 12. Bd3 h5 13. Rf2 h4 14.
Qh3 Be7 15. Raf1 Bf6 16. g4 Qe7 17. Nce2 O-O-O 18. Nf4 Bg5 19. Qg2 Kb8 20. h3 Rhf8 21.
Kh1 Bc6 22. Kh2 g6 23. Re2 Ka8 24. Qf2 d5 25. exd5 Nxd3 26. cxd3 Bxd5 27. Nf3 Bxf4+ 28. exf4 Qc7 29. Ne5 Bxa2 30. Qxh4 Rd4 31. Qf2 Qd6 32.
Rc1 Bb3 33. Rc3 Bd5 34. Qxd4 1-0

[Event "Early-Titled-Tuesday-Blitz-January-23-2024"]
[Site "Chess.com"]
[Date "2024.01.23"]
[Round "9"]
[White "jaskol95"]
[Black "CSB7"]
[Result "0-1"]
[WhiteElo "2558"]
[BlackElo "2732"]
[TimeControl "180+1"]
[EndTime "9:45:22 PST"]
[Termination "CSB7 won by resignation"]

1. e4 e5 2. Nf3 Nc6 3. Bc4 Nf6 4. Ng5 d5 5. exd5 Na5 6. Bb5+ c6 7. dxc6 bxc6 8. Bd3 Ng4 9. Nf3 f5 10. h3 Nxf2 11. Kxf2 e4 12. Re1 Bc5+ 13. Kf1 O-O 14.
b4 Bxb4 15. Bxe4 fxe4 16. Rxe4 Bc5 17. Bb2 Ba6+ 18. d3 Nc4 19. Qc1 Qd7 20. Qg5 Nxb2 21. Qxc5 Nxd3 22. cxd3 Qxd3+ 23. Kg1 Qxe4 24. Nbd2 Qd5 25.
Qc3 Rae8 26. Rc1 Be2 27. Qb4 Bxf3 28. Nxf3 Rxf3 29. gxf3 Qg5+ 30. Kf2 Qe3+ 31. Kg3 Qxc1 32. Qb3+ Kh8 33. Qf7 Qe1+ 34. Kg4 Qe6+ 0-1

[Event "Early-Titled-Tuesday-Blitz-January-23-2024"]
[Site "Chess.com"]
[Date "2024.01.23"]
[Round "9"]
[White "kleinebeer98"]
[Black "Fandorine"]
[Result "1/2-1/2"]
[WhiteElo "2884"]
[BlackElo "2980"]
[TimeControl "180+1"]
[EndTime "9:45:23 PST"]
[Termination "Game drawn by agreement"]

1. e4 e5 2. Nc3 Nf6 3. f4 d5 4. fxe5 Nxe4 5. Nf3 Bf5 6. Be2 Be7 7. O-O O-O 8. d4 c5 9. Be3 Nc6 10. dxc5 Nxc3 11.
bxc3 Qa5 12. Nd4 Bg6 13. Rb1 Bxc5 14. Rxb7 Nxe5 15. Kh1 Qxa2 16. Rb5 Rac8 17. h4 Nc4 18. Bg1 Bxd4 19. Bxd4 Qxc2 20. h5 Qxd1 21. Bxd1 Bd3 22. Rf3 Be4 23. Rg3 g6 24. hxg6 fxg6 25. Bg4 Rce8 26.
Bd7 Re7 27. Bc6 a6 28. Rxd5 Rc8 29. Rd7 Rxd7 30. Bxd7 Rc7 31. Be6+ Kf8 32. Rg4 Bf5 33. Rf4 Nd6 34. Be5 Ke7 35. Bxf5 gxf5 36. Bxd6+ Kxd6 37. Rxf5 Rxc3 38. Rf6+ Ke5 39. Rxa6 Rc7 40. Kh2 Kf5 1/2-1/2

[Event "Early-Titled-Tuesday-Blitz-January-23-2024"]
[Site "Chess.com"]
[Date "2024.01.23"]
[Round "9"]
[White "Logman74"]
[Black "Der_Balak_3Halak"]
[Result "0-1"]
[WhiteElo "2469"]
[BlackElo "2349"]
[TimeControl "180+1"]
[EndTime "9:45:23 PST"]
[Termination "Der_Balak_3Halak won on time"]

1. e4 c5 2. Nf3 Nc6 3. d4 cxd4 4.
Nxd4 d6 5. Nc3 Nf6 6. Bg5 e5 7. Nb3 a6 8. Be2 Be7 9. Qd3 Be6 10.
O-O-O b5 11. Kb1 Qc7 12. Bxf6 Bxf6 13. Nd5 Bxd5 14. Qxd5 Rd8 15. c3 O-O 16. g3 Ne7 17. Qd2 d5 18. exd5 Nxd5 19. Qc2 Rd6 20. a3 Rfd8 21. Bf3 Nb6 22. Rxd6 Rxd6 23. Rd1 Rxd1+ 24. Qxd1 g6 25. Na5 Na4 26. Nc6 e4 27. Bxe4 Bxc3 28. b3 Nc5 29. Qd5 Nxe4 30. Qxe4 Qd6 31. Qf3 Qd2 0-1

[Event "Early-Titled-Tuesday-Blitz-January-23-2024"]
[Site "Chess.com"]
[Date "2024.01.23"]
[Round "9"]
[White "FairChess_on_YouTube"]
[Black "tandaleo"]
[Result "1-0"]
[WhiteElo "3079"]
[BlackElo "2559"]
[TimeControl "180+1"]
[EndTime "9:45:26 PST"]
[Termination "FairChess_on_YouTube won by resignation"]

1. e4 e5 2. f4 exf4 3. d4 d5 4. exd5 Qh4+ 5. Ke2 Bg4+ 6. Nf3 Bd6 7. Qe1 Qh5 8. c4 Nd7 9. Kf2+ Ne7 10. Be2 O-O-O 11. Nc3 g5 12. Nb5 Nf5 13. Nxa7+ Kb8 14. Nb5 Bxf3 15.
Bxf3 Qh4+ 16. Kf1 Ng3+ 17. Kg1 Nxh1 18. Qxh4 gxh4 19. c5 Nxc5 20. Nxd6 cxd6 21. dxc5 dxc5 22. Bxf4+ Ka8 23. Kxh1 h3 24. Bc7 Rd7 25. d6 hxg2+ 26. Kxg2 Rc8 27. Re1 Rcxc7 28. dxc7 Rxc7 29. Re8+ Ka7 30. Rh8 f6 31. Be4 Rd7 32. Rxh7 Rd2+ 33. Kf3 Rxb2 34.
h4 c4 35. Rc7 Rh2 36. Kg3 Rxa2 37. h5 Kb8 38. Rxb7+ Kc8 39. h6 Ra5 40. h7 Rh5 41. Ra7 1-0

[Event "Early-Titled-Tuesday-Blitz-January-23-2024"]
[Site "Chess.com"]
[Date "2024.01.23"]
[Round "9"]
[White "Lennis93"]
[Black "Practical-Play"]
[Result "1-0"]
[WhiteElo "2663"]
[BlackElo "2517"]
[TimeControl "180+1"]
[EndTime "9:45:27 PST"]
[Termination "Lennis93 won by checkmate"]

1. d4 Nf6 2. Bg5 d5 3. Bxf6 gxf6 4. e3 c5 5. c4 cxd4 6. Qxd4 Nc6 7. Qxd5 Be6 8. Qxd8+ Rxd8 9. a3 Ne5 10. Nd2 Rg8 11.
Ngf3 Nd3+ 12. Bxd3 Rxd3 13. Nd4 Rxg2 14. Ke2 Rxd2+ 15.
Kxd2 Rxf2+ 16. Kd3 Bh3 17. b4 e5 18. Nb5 Bf5+ 19. Kc3 a6 20. Nc7+ Kd8 21. Nd5 b5 22. Rhf1 Rc2+ 23. Kb3 bxc4+ 24. Ka4 Bd7+ 25. Ka5 Rd2 26. Nxf6 Bd6 27. Nxd7 Kxd7 28. Rxf7+ Kc6 29. Kxa6 c3 30. b5+ Kd5 31. b6 Rb2 32. Rd1+ Kc6 33. Rxd6+ Kxd6 34. Rc7 c2 35. a4 Kd5 36. a5 Kd6 37.
Rc3 Kd5 38. h4 Kd6 39. h5 h6 40. Ka7 Kd5 41. a6 Ke4 42. b7 Kf3 43. b8=Q c1=Q 44. Rxc1 Rh2 45. Qxe5 Rb2 46. Qxb2 Ke4 47. Rc4+ Kf5 48.
Rf4+ Kg5 49. Qf6+ Kxh5 50. Rh4# 1-0

[Event "Early-Titled-Tuesday-Blitz-January-23-2024"]
[Site "Chess.com"]
[Date "2024.01.23"]
[Round "9"]
[White "m_ezat"]
[Black "sonicdravise"]
[Result "1-0"]
[WhiteElo "2468"]
[BlackElo "2610"]
[TimeControl "180+1"]
[EndTime "9:45:27 PST"]
[Termination "m_ezat won by resignation"]

1. d4 d5 2. c4 c6 3. Nc3 Nf6 4. cxd5 cxd5 5. Bf4 Nc6 6. e3 a6 7. Bd3 Bg4 8. Nge2 e6 9. O-O Bd6 10. f3 Bh5 11. Rc1 O-O 12. Na4 e5 13. dxe5 Nxe5 14. Nc5 Qe7 15. Nb3 Rfe8 16. Nbd4 Nxd3 17. Qxd3 Bg6 18. Qd2 Nh5 19. Bxd6 Qxd6 20. Rc3 Rac8 21. Rfc1 Rxc3 22. Rxc3 h6 23. Nf4 Nxf4 24. exf4 Qb6 25.
h4 f6 26. Kh2 Qd6 27. g3 Kh7 28. Kg2 Qe7 29. Kf2 Qd7 30. g4 Kh8 31. h5 Bh7 32.
Re3 Rc8 33. Qe2 Kg8 34. Re7 Qa4 35. Qe6+ Kh8 36. Qxc8+ Bg8 37. Qc3 Qd1 38. Re1 Qa4 39.
Kg3 Qd7 40. b3 f5 41. Nxf5 Be6 42. Rxe6 d4 43. Qxd4 1-0

[Event "Early-Titled-Tuesday-Blitz-January-23-2024"]
[Site "Chess.com"]
[Date "2024.01.23"]
[Round "9"]
[White "HeroWilczek"]
[Black "Dinosaurio_1975"]
[Result "0-1"]
[WhiteElo "2468"]
[BlackElo "2660"]
[TimeControl "180+1"]
[EndTime "9:45:29 PST"]
[Termination "Dinosaurio_1975 won by checkmate"]

1. e4 c6 2. d4 d5 3. Nc3 dxe4 4.
Nxe4 Nf6 5. Nxf6+ exf6 6. c3 Bd6 7. Bd3 O-O 8. Ne2 Re8 9. O-O Na6 10. Re1 Nc7 11.
h3 Nd5 12. Qc2 g6 13. Bd2 f5 14. c4 Nf6 15. Nc3 Be6 16. Rad1 f4 17. Ne4 f3 18.
Bg5 Be7 19. d5 cxd5 20. cxd5 Nxd5 21. Bxe7 Qxe7 22. Bc4 Rac8 23. Qb3 Nf4 24. Bxe6 Qxe6 25. Qxf3 Nh5 26. g4 Rcd8 27. Rxd8 Rxd8 28. gxh5 f5 29. hxg6 hxg6 30. Qb3 Qxb3 31. axb3 fxe4 32. Rxe4 Kf7 33.
Rc4 Rd7 34. Kg2 Kf6 35. Kg3 Rd3+ 36. f3 Rxb3 37. Rc2 b5 38. h4 a5 39. Kg4 Rb4+ 40. f4 Rb3 41. Rc6+ Kg7 42. Kg5 Rg3# 0-1

[Event "Early-Titled-Tuesday-Blitz-January-23-2024"]
[Site "Chess.com"]
[Date "2024.01.23"]
[Round "9"]
[White "KevinGeorgeMicheal"]
[Black "Ural_bogatyr"]
[Result "0-1"]
[WhiteElo "2350"]
[BlackElo "2534"]
[TimeControl "180+1"]
[EndTime "9:45:32 PST"]
[Termination "Ural_bogatyr won on time"]

1. d4 Nf6 2. Nf3 d5 3. c4 e6 4. Nc3 c5 5. cxd5 cxd4 6. Qxd4 exd5 7. Bg5 Be7 8. e3 O-O 9. Bd3 h6 10. Bh4 Nc6 11. Qa4 a6 12. O-O b5 13. Bxb5 axb5 14. Qxa8 Qb6 15. Bxf6 Be6 16. Qxf8+ Bxf8 17. Bd4 Nxd4 18. Nxd4 Bc5 19. Ncxb5 Bd7 20. a4 Qa5 21. Rfc1 Qb4 22. b3 g6 23. Rab1 h5 24. Nc2 Qd2 25. b4 Bxb5 26. axb5 Bb6 27. Ne1 d4 28. Nf3 Qd3 29. Nxd4 h4 30. Rd1 Qc4 31. h3 f5 32.
Rdc1 Qd3 33. Rb2 f4 34. Rc8+ Kh7 35. Rc6 fxe3 36. Rxb6 Qxd4 37. Rb7+ Kh6 38. Rb1 exf2+ 39. Kh1 Qe4 40. Rf1 Qe2 41. Rxf2 Qxf2 42. b6 Qe1+ 43. Kh2 Qe5+ 44. Kh1 Qe1+ 45. Kh2 Qxb4 46. Rc7 Qxb6 47. Rc4 Qd6+ 48. Kh1 Qd1+ 49. Kh2 Kh5 50. Rg4 Qe1 0-1

[Event "Early-Titled-Tuesday-Blitz-January-23-2024"]
[Site "Chess.com"]
[Date "2024.01.23"]
[Round "9"]
[White "tarno17"]
[Black "Sofia_Blokhin"]
[Result "0-1"]
[WhiteElo "2071"]
[BlackElo "2264"]
[TimeControl "180+1"]
[EndTime "9:45:32 PST"]
[Termination "Sofia_Blokhin won by checkmate"]

1. e4 c5 2. Nf3 d6 3. Bb5+ Bd7 4. Bxd7+ Qxd7 5. O-O e5 6. d3 Nc6 7. Nc3 Be7 8. Ne2 Bd8 9. h3 Nge7 10. Ng3 O-O 11. Nh2 f5 12. f4 exf4 13. Bxf4 Nd4 14. exf5 Nexf5 15. Ne4 Be7 16. c3 Ne6 17. Qg4 Nxf4 18. Rxf4 Rad8 19. Raf1 g6 20. Nf3 d5 21. Neg5 Bd6 22. Rxf5 Qxf5 23. Qh4 Qd7 24. Re1 Rde8 25. Rxe8 Rxe8 26. Kf2 Bc7 27. Qh6 Bf4 28. d4 Rf8 29.
Kg1 Be3+ 30. Kh2 Qc7+ 31. Kh1 Bxg5 32. Nxg5 Rf1# 0-1

[Event "Early-Titled-Tuesday-Blitz-January-23-2024"]
[Site "Chess.com"]
[Date "2024.01.23"]
[Round "9"]
[White "Hikaru"]
[Black "sergoy"]
[Result "1-0"]
[WhiteElo "3306"]
[BlackElo "3032"]
[TimeControl "180+1"]
[EndTime "9:45:33 PST"]
[Termination "Hikaru won by resignation"]

1. d4 d6 2. e4 Nf6 3. Nc3 g6 4. f4 Bg7 5. Qd2 c5 6. dxc5 O-O 7. cxd6 exd6 8. Bd3 d5 9. e5 d4 10. Nce2 Ng4 11. Nf3 Nc6 12. O-O Ne3 13. Re1 Bg4 14.
Be4 f6 15. Nexd4 Nxd4 16. Qxd4 Bxf3 17. Qxe3 Bxe4 18. Qxe4 fxe5 19. fxe5 Qb6+ 20. Qe3 Qc6 21. Qb3+ Kh8 22. Bd2 Rf5 23. e6 Raf8 24. e7 Re8 25. Rad1 Qc5+ 26. Qe3 Qxc2 27. Bc3 Bxc3 28. Rd8 Bxe1 29.
Rxe8+ Kg7 30. Rg8+ Kxg8 31. e8=Q+ Kg7 32. Q8e7+ Rf7 33.
Q7e5+ Kg8 34. Qxe1 1-0

[Event "Early-Titled-Tuesday-Blitz-January-23-2024"]
[Site "Chess.com"]
[Date "2024.01.23"]
[Round "9"]
[White "Durarbayli"]
[Black "Boundless_Strike"]
[Result "1-0"]
[WhiteElo "2868"]
[BlackElo "2616"]
[TimeControl "180+1"]
[EndTime "9:45:33 PST"]
[Termination "Durarbayli won by checkmate"]

1. e4 d6 2. d4 e5 3. dxe5 Nc6 4. exd6 Bxd6 5. Nc3 Qe7 6. Be2 Nf6 7. Bg5 Be6 8. Nf3 O-O-O 9. Nd5 Bxd5 10. exd5 Ne5 11. O-O Nxf3+ 12. Bxf3 Bxh2+ 13. Kxh2 Qe5+ 14. Kg1 Qxg5 15. c4 Kb8 16. Re1 h5 17. Qd4 Ng4 18.
g3 f5 19. Qf4 Qf6 20. Rad1 Qxb2 21. Rd2 Qb4 22. a3 Qxa3 23. Bg2 Qb4 24. Rdd1 h4 25. Rb1 Qc5 26. d6 c6 27. Re7 b6 28. d7+ Kb7 29.
Re6 hxg3 30. Bxc6+ Ka6 31. Ra1+ Qa5 32. Rxa5+ Kxa5 33. Qd2+ Ka6 34. Qa2# 1-0

[Event "Early-Titled-Tuesday-Blitz-January-23-2024"]
[Site "Chess.com"]
[Date "2024.01.23"]
[Round "9"]
[White "sterpfi"]
[Black "StankovicIvan"]
[Result "0-1"]
[WhiteElo "2257"]
[BlackElo "2521"]
[TimeControl "180+1"]
[EndTime "9:45:33 PST"]
[Termination "StankovicIvan won by resignation"]

1. e4 c5 2. Nf3 Nc6 3. Bb5 g6 4. O-O Bg7 5. Re1 Nf6 6. e5 Nd5 7. Nc3 Nc7 8. Bxc6 dxc6 9. Ne4 Ne6 10. d3 O-O 11. Be3 b6 12. Qd2 Nd4 13. Nxd4 cxd4 14.
Bh6 Be6 15. Qf4 Bd5 16. h4 f5 17. exf6 exf6 18. Bxg7 Kxg7 19. h5 gxh5 20. Ng3 Bf7 21.
Nf5+ Kh8 22. Qh6 Rg8 23. Ne7 Rg7 24. Qxf6 Bd5 25. Re5 Bxg2 26. Rg5 Qxe7 27. Qxe7 Rxe7 28.
Kxg2 Rg8 29. Rxg8+ Kxg8 30. Kf3 Rf7+ 31. Ke4 Rxf2 32.
Kxd4 Rxc2 33. b4 c5+ 34. bxc5 Rxc5 35. a4 Kg7 36. Re1 Kg6 37. Re7 Ra5 38. Ke4 h4 39. d4 h3 40. Re6+ Kg5 41. Re5+ Rxe5+ 42. dxe5 h2 43.
Kd5 h1=Q+ 0-1

[Event "Early-Titled-Tuesday-Blitz-January-23-2024"]
[Site "Chess.com"]
[Date "2024.01.23"]
[Round "9"]
[White "EvgenyBurmakin"]
[Black "Kapitan_Bayan"]
[Result "0-1"]
[WhiteElo "2433"]
[BlackElo "2348"]
[TimeControl "180+1"]
[EndTime "9:45:35 PST"]
[Termination "Kapitan_Bayan won by resignation"]

1. e4 c5 2. Nc3 a6 3. Nf3 d6 4. d4 cxd4 5. Nxd4 Nf6 6. Be3 e5 7. Nb3 Be6 8. f3 h5 9. Qd2 Nbd7 10. O-O-O Be7 11. Kb1 b5 12. Nd5 Bxd5 13. exd5 Nb6 14. Na5 Nbxd5 15. Nc6 Qc7 16. Nxe7 Qxe7 17. Bg5 Rd8 18.
c4 bxc4 19. Bxc4 Nc7 20. f4 e4 21. Qd4 d5 22. Bb3 O-O 23. Rhe1 Rfe8 24. Ba4 Nb5 25. Qb6 Rd6 26. Qc5 Qc7 27. Qxc7 Nxc7 28. Bxf6 gxf6 29. Bxe8 Nxe8 30. Rd4 f5 31. Red1 Nc7 32. a3 f6 33.
Ka2 Kf7 34. Kb3 Ke6 35. Kb4 Nb5 36. R4d2 d4 37. a4 e3 38. Rd3 Nc7 39. Rxd4 Rxd4+ 40. Rxd4 e2 41. Rc4 e1=Q+ 42. Kc5 Qa5+ 43. Kc6 Qd5+ 0-1

[Event "Early-Titled-Tuesday-Blitz-January-23-2024"]
[Site "Chess.com"]
[Date "2024.01.23"]
[Round "9"]
[White "Ezov"]
[Black "Chernov_Mikhail"]
[Result "1-0"]
[WhiteElo "2223"]
[BlackElo "2303"]
[TimeControl "180+1"]
[EndTime "9:45:35 PST"]
[Termination "Ezov won by checkmate"]

1. d4 Nf6 2. Nc3 g6 3. h4 h5 4. Bg5 Bg7 5. Qd2 d6 6. O-O-O a5 7. e4 Nfd7 8. Bc4 c6 9. Nf3 b5 10. Bd3 b4 11. Ne2 Ba6 12. Ng3 Qb6 13. Rhe1 Bxd3 14.
Qxd3 f6 15. Be3 c5 16. e5 f5 17. e6 Nf6 18. dxc5 dxc5 19. Bxc5 Qc7 20. Ne5 Nc6 21.
Nxg6 Bh6+ 22. Kb1 Rg8 23. Qxf5 b3 24. cxb3 a4 25. b4 a3 26. b3 Bg7 27. Nxh5 Rd8 28. Nxg7+ Rxg7 29. h5 Rxd1+ 30. Rxd1 Nd8 31. h6 Rh7 32.
Ne5 Nc6 33. Nd7 Rxh6 34. Nxf6+ Rxf6 35. Qh5+ Kf8 36. Qh8# 1-0

[Event "Early-Titled-Tuesday-Blitz-January-23-2024"]
[Site "Chess.com"]
[Date "2024.01.23"]
[Round "9"]
[White "Alex_Sahakyan2006"]
[Black "Huragan007"]
[Result "1-0"]
[WhiteElo "2716"]
[BlackElo "2558"]
[TimeControl "180+1"]
[EndTime "9:45:36 PST"]
[Termination "Alex_Sahakyan2006 won by resignation"]

1. d4 Nf6 2. c4 e5 3. dxe5 Ng4 4. Bf4 g5 5. Bd2 Nc6 6. Nf3 Ngxe5 7. Nxe5 Nxe5 8.
Bc3 Bg7 9. e3 d6 10. Nd2 O-O 11. Be2 Be6 12. O-O Qd7 13. f4 gxf4 14. exf4 Ng4 15.
Bxg7 Kxg7 16. Ne4 f5 17. Bxg4 fxg4 18. Qd4+ Kg6 19. Rae1 Bf5 20. Ng3 Rae8 21. Qxa7 b6 22. Qa3 Qc6 23. Qc3 h5 24. b4 b5 25. c5 dxc5 26.
bxc5 h4 27. Nxf5 Rxf5 28. Rxe8 Qxe8 29. Qd4 Qc6 30. Rc1 h3 31. gxh3 gxh3 32. Rc2 Qf3 33.
Rf2 Qg4+ 34. Kf1 Rxc5 35. f5+ Rxf5 36. Qxg4+ Kf6 37. Rxf5+ 1-0

[Event "Early-Titled-Tuesday-Blitz-January-23-2024"]
[Site "Chess.com"]
[Date "2024.01.23"]
[Round "9"]
[White "anasta10"]
[Black "andrzej"]
[Result "0-1"]
[WhiteElo "2506"]
[BlackElo "2402"]
[TimeControl "180+1"]
[EndTime "9:45:36 PST"]
[Termination "andrzej won on time"]

1. Nf3 d5 2. d4 Nf6 3. c4 dxc4 4. Nc3 a6 5. a4 Nc6 6. g3 Na5 7. Bg2 c6 8. O-O e6 9. e4 Be7 10. Bg5 h6 11. Bxf6 Bxf6 12. e5 Be7 13. Qe2 b5 14.
Rad1 Bb7 15. Ne4 Qb6 16. Nh4 Nb3 17. Qe3 Rd8 18. Nf3 O-O 19. h4 c5 20. dxc5 Nxc5 21. a5 Qa7 22. Nd6 Bxf3 23. Bxf3 Qc7 24. Qd4 Nb3 25.
Qe3 Bxd6 26. exd6 Rxd6 27. Rxd6 Qxd6 28. Qb6 Qd3 29. Bg2 Nd4 30. Qxa6 b4 31. Qb6 c3 32. bxc3 bxc3 33. a6 c2 34. Re1 Qd1 0-1

[Event "Early-Titled-Tuesday-Blitz-January-23-2024"]
[Site "Chess.com"]
[Date "2024.01.23"]
[Round "9"]
[White "McCarthyStone"]
[Black "campochess"]
[Result "1-0"]
[WhiteElo "2348"]
[BlackElo "2081"]
[TimeControl "180+1"]
[EndTime "9:45:36 PST"]
[Termination "McCarthyStone won on time"]

1. e4 c5 2. b3 Nc6 3. Bb2 e6 4. Nf3 Nf6 5. Nc3 d5 6. exd5 exd5 7. Bb5 d4 8. Qe2+ Be7 9. Ne4 O-O 10. O-O Bg4 11.
Bxc6 bxc6 12. h3 Bh5 13. Ng3 Bg6 14. Ne5 Qc7 15. Nxg6 hxg6 16. Ne4 Nd5 17. Rae1 Rae8 18.
Qc4 Qb6 19. a4 f5 20. Ng3 Kh7 21. Re6 Bg5 22. a5 Qc7 23. Rxe8 Rxe8 24. Qxc5 f4 25. Nh1 f3 26. Qxd4 fxg2 27. Kxg2 Nf4+ 28. Kf3 Ne2 29. Qg4 Qf7+ 30. Kg2 Bxd2 31. Ng3 Nf4+ 32. Kh2 Qd5 33. Rg1 Re6 34. Nf5 Qxf5 35. Qxf5 gxf5 36. Rxg7+ Kh6 37. Rxa7 Nh5 38. a6 Re2 39. Bd4 Bg5 40. Rc7 Rxc2 41. a7 Ra2 42. Rxc6+ Kh7 43. Rc7+ Kg6 44. Rc6+ Kh7 45. Rc8 Bf4+ 46. Kg2 Rxa7 47.
Bxa7 Be5 48. Be3 f4 49. Rc5 fxe3 50. Rxe5 1-0